 Dungeon Crawl Stone Soup version 0.25-a0-701-gb30f108 (webtiles) character file.

Game seed: 9408970954799178740, levelgen mode: deterministic

121 MrTaco21 the Cudgeler (level 5, -4/32 HPs)
             Began as a Gargoyle Fighter on Apr 3, 2020.
             Killed by nerve-wracking pain
             ... invoked by Grinder
              (7 damage)
             ... on level 3 of the Dungeon.
             The game lasted 00:03:54 (1578 turns).

MrTaco21 the Cudgeler (Gargoyle Fighter)            Turns: 1578, Time: 00:03:54

Health: -4/32      AC: 13    Str: 24    XL:     5   Next: 5%
Magic:  5/5        EV:  5    Int:  8    God:
Gold:   167        SH:  9    Dex:  9    Spells: 4/4 levels left

rFire    x . .     SeeInvis .   g - +1 spear (vamp) {!w}
rCold    + . .     Gourm    .   c - +0 kite shield
rNeg     + . .     Faith    .   h - +0 chain mail
rPois    ∞         Spirit   .   (no helmet)
rElec    +         Reflect  .   (no cloak)
rCorr    .         Harm     .   (no gloves)
MR       .....                  (no boots)
Stlth    ..........             v - amulet of the acrobat
HPRegen  0.10/turn              k - ring of ice
MPRegen  0.09/turn              q - +3 ring of strength

@: no status effects
A: negative energy resistance 1, electricity resistance, unbreathing,
petrification resistance, rot immunity, AC +4
a: no special abilities


You were on level 3 of the Dungeon.
You were not hungry.

You visited 1 branch of the dungeon, and saw 3 of its levels.

You collected 167 gold pieces.

Inventory:

Hand Weapons
 a - a +1 flail
 g - a +1 vampiric spear (weapon) {!w}
   (You found it on level 1 of the Dungeon)
 i - a +0 hunting sling of flaming
   (You took it off a goblin on level 1 of the Dungeon)
Missiles
 j - 49 sling bullets
Armour
 c - a +0 kite shield (worn)
 h - a +0 chain mail (worn)
   (You took it off a kobold on level 1 of the Dungeon)
Magical Staves
 o - an uncursed staff of earth {unknown}
   (You found it on level 2 of the Dungeon)
Jewellery
 k - a ring of ice (left hand)
   (You found it on level 2 of the Dungeon)
 q - a +3 ring of strength (right hand)
   (You found it on level 3 of the Dungeon)
 v - an amulet of the acrobat (around neck)
   (You found it on level 3 of the Dungeon)
Scrolls
 f - 2 scrolls of teleportation {@r4}
 m - a scroll of immolation {unknown}
 n - a scroll of identify {@r1}
 p - a scroll of enchant weapon
 s - a scroll of noise {unknown}
Potions
 b - 3 potions of curing {unknown}
 d - a potion of might
 r - a potion of haste {unknown}
 t - a potion of magic {unknown}
 u - a potion of stabbing {unknown}
Comestibles
 e - 4 rations {!d}
 l - 6 chunks of flesh


   Skills:
 - Level 3.2 Fighting
 + Level 5.1 Maces & Flails
 - Level 3.2 Armour
 - Level 3.2 Shields


You had 4 spell levels left.
You didn't know any spells.
Your spell library contained the following spells:

 Spells                   Type           Power        Failure   Level  Hunger
 Magic Dart               Conj           #...         100%        1    ##.....
 Searing Ray              Conj           #.....       100%        2    ###....
 Dazzling Flash           Conj/Hex       #.....       100%        3    ####...
 Fulminant Prism          Conj/Hex       #.........   100%        4    #####..
 Iskenderun's Mystic Bla  Conj/Tloc      #.......     100%        4    #####..


Dungeon Overview and Level Annotations

Branches:
Dungeon (3/15)

Altars:

Annotations:
D:3 Grinder


Innate Abilities, Weirdness & Mutations

You are resistant to torment.
Your stone body is resilient. (AC +4)
You are immune to poison.
You resist negative energy. (rN+)
You are resistant to electric shocks. (rElec)
You can survive without breathing.
You are immune to petrification.
You are immune to rotting.


Message History

Grinder rolls her eyes.
Grinder blinks!
Grinder gestures at you. Pain shoots through your body!
Grinder gestures at you. Pain shoots through your body!
Attack whom?
Aim: Grinder (moderately wounded)
You reach to attack!
Your shield prevents you from hitting Grinder.
You hit Grinder. Grinder hits you but does no damage.
You barely miss Grinder.
Grinder blinks!
Attack whom?
Aim: Grinder (heavily wounded)
You reach to attack!
You closely miss Grinder. You hit Grinder. You block Grinder's attack.
Grinder blinks!
Attack whom?
Aim: Grinder (heavily wounded)
You reach to attack!
You hit Grinder but do no damage. You completely miss Grinder.
You block Grinder's attack.
You hit Grinder but do no damage. Grinder barely misses you.
Your shield and chain mail prevent you from hitting Grinder.
Grinder gestures at you. Pain shoots through your body!
You closely miss Grinder. Grinder hits you but does no damage.
You barely miss Grinder. Grinder hits you but does no damage.
You hit Grinder.
Grinder says, "FISH!"
Grinder gestures at you.
You barely resist. Grinder gestures at you. Pain shoots through your body!
* * * LOW HITPOINT WARNING * * *
You closely miss Grinder. Grinder hits you.
* * * LOW HITPOINT WARNING * * *
You writhe in agony.
* * * LOW HITPOINT WARNING * * *
You closely miss Grinder. Grinder completely misses you.
Some of the chunks of flesh in your inventory have rotted away.
You hit Grinder but do no damage. Grinder gestures at you.
You barely resist. You hit Grinder but do no damage.
You block Grinder's attack.
Your shield and chain mail prevent you from hitting Grinder.
Grinder says, "FISH!"
Grinder hits you but does no damage.
You closely miss Grinder. Grinder gestures at you.
Pain shoots through your body!
You die...

#. ###### #..... #....# ########
+..... #....# #......# ####....
#....# #....[.#
......#+#######....#####......###
...............5@..).............
......^./........................
#.......#######....#####.......#.
..#####.##### #....# #######.#.
#...##......# ###### #.#.
#.#.÷.......# ######<##
#...........+ #........
#####÷......# #.####### #.......#
#.#


You could see Grinder.

Vanquished Creatures
  Jessica (D:3)
  3 adders
  2 worms
  2 dart slugs
  3 leopard geckos
  8 bats
  4 giant cockroaches
  3 goblins
  4 hobgoblins
  7 jackals
  3 quokkas
  5 frilled lizards
  8 kobolds
  4 rats
57 creatures vanquished.

Notes
Turn   | Place    | Note
-------+----------+-------------------------------------------
     0 | D:1      | MrTaco21 the Gargoyle Fighter began the quest for the Orb.
     0 | D:1      | Reached XP level 1. HP: 14/14 MP: 1/1
   298 | D:1      | Reached XP level 2. HP: 19/19 MP: 2/2
   311 | D:1      | Reached skill level 3 in Maces & Flails
   391 | D:1      | Reached XP level 3. HP: 23/23 MP: 3/3
   963 | D:2      | Reached skill level 4 in Maces & Flails
  1188 | D:3      | Reached XP level 4. HP: 28/28 MP: 4/4
  1423 | D:3      | Noticed Jessica
  1437 | D:3      | Killed Jessica
  1437 | D:3      | Reached skill level 5 in Maces & Flails
  1437 | D:3      | Reached XP level 5. HP: 28/32 MP: 5/5
  1528 | D:3      | Noticed Grinder
  1534 | D:3      | Paralysed by Grinder for 5 turns
  1578 | D:3      | Killed from afar by Grinder

Levels and vault maps discovered:
D:1:      saegor_arrival_simple_c, layout_basic
D:2:      layout_basic
D:3:      layout_basic, first_ration, uniq_jessica, uniq_grinder

Skill      XL: |  1  2  3  4 |
---------------+-------------+-----
Maces & Flails | 3 4 5 |  5.1
Fighting       | |  3.2
Armour         | |  3.2
Shields        | |  3.2

Action                   |  1- 3 |  4- 6 || total
-------------------------+-------+-------++-------
Melee: Flail             |    36 |       ||    36
       Spear             |   161 |   126 ||   287
  Use: Scroll            |       |     3 ||     3
  Eat: Chunk             |     1 |     2 ||     3
Armor: Scale mail        |    57 |       ||    57
       Chain mail        |    88 |    66 ||   154
Dodge: Dodged            |    55 |    26 ||    81
Block: Kite shield       |   118 |    67 ||   185

Table legend:
 A = Non-vault XP
 B = Vault XP
 C = Vault XP percentage of total XP
 D = Non-vault monster count
 E = Vault monster count
 F = Vault count percentage of total count
                 A         B        C        D         E       F
            +---------+---------+-------+---------+---------+-------
      Total |     137 |      37 |  21.3 |      56 |       1 |   1.8
            +---------+---------+-------+---------+---------+-------
        D:1 |      37 |       0 |   0.0 |      22 |       0 |   0.0
        D:2 |      38 |       0 |   0.0 |      16 |       0 |   0.0
        D:3 |      62 |      37 |  37.4 |      18 |       1 |   5.3
            +---------+---------+-------+---------+---------+-------
